 Dungeon Crawl Stone Soup version 0.24.0-123-gd5b16e6ec5 (webtiles) character file.

Game seed: 3890559437451757226, levelgen mode: deterministic

43 Pingvinix the Grave Robber (level 3, 0/26 HPs)
             Began as a Hill Orc Necromancer on Jan 9, 2020.
             Slain by an adder (1 damage)
             ... on level 2 of the Dungeon.
             The game lasted 00:07:59 (2030 turns).

Pingvinix the Grave Robber (Hill Orc Necromancer)   Turns: 2030, Time: 00:07:59

Health: 0/26       AC:  2    Str: 10    XL:     3   Next: 58%
Magic:  1/5        EV: 12    Int: 16    God:
Gold:   66         SH:  0    Dex: 11    Spells: 3/5 levels left

rFire    . . .     SeeInvis .   p - +0 hand axe
rCold    . . .     Gourm    .   (no shield)
rNeg     . . .     Faith    .   a - +0 robe
rPois    .         Spirit   .   (no helmet)
rElec    .         Reflect  .   (no cloak)
rCorr    .         Harm     .   (no gloves)
MR       .....                  (no boots)
Stlth    ++........             (no amulet)
HPRegen  0.08/turn              (no ring)
MPRegen  0.09/turn              (no ring)

@: lethally poisoned (0 -> -7)
A: no striking features
a: no special abilities


You were on level 2 of the Dungeon.
You were not hungry.

You visited 1 branch of the dungeon, and saw 2 of its levels.

You collected 66 gold pieces.

Inventory:

Hand Weapons
 m - a cursed +0 hunting sling
 p - a +0 hand axe (weapon)
Armour
 a - a +0 robe (worn)
 o - a +1 pair of gloves
Scrolls
 b - a scroll of identify {unknown}
 e - a scroll of remove curse {unknown}
 g - a scroll of enchant armour {unknown}
 k - a scroll of magic mapping {unknown}
 l - 2 scrolls of teleportation
Potions
 d - a potion of curing {unknown}
 f - a potion of flight {unknown}
 h - 2 potions of heal wounds {unknown}
 j - a potion of degeneration {unknown}
 n - a potion of resistance {unknown}
 q - a potion of haste {unknown}
Comestibles
 c - 2 rations


   Skills:
 + Level 1.3 Axes
 - Level 1.5 Dodging
 - Level 1.5 Stealth
 - Level 1.5 Spellcasting
 + Level 5.1 Necromancy


You had 3 spell levels left.
You knew the following spells:

 Your Spells              Type           Power        Failure   Level  Hunger
a - Pain                  Necr           ###.         2%          1    ##.....
b - Animate Skeleton      Necr           N/A          2%          1    ##.....

Your spell library contained the following spells:

 Spells                   Type           Power        Failure   Level  Hunger
 Vampiric Draining        Necr           ###.......   9%          3    ####...
 Regeneration             Chrm/Necr      #.........   22%         3    ####...
 Animate Dead             Necr           N/A          26%         4    #####..


Dungeon Overview and Level Annotations

Branches:
Dungeon (2/15)

Altars:
Makhleb


Message History

You are no longer poisoned.
The adder bites you.
* * * LOW HITPOINT WARNING * * *
You are lethally poisoned!
The adder poisons you!
* * * LOW HITPOINT WARNING * * *
You feel sick.
* * * LOW HITPOINT WARNING * * *
You feel sick. The adder bites you.
* * * LOW HITPOINT WARNING * * *
You are more poisoned.
The adder poisons you!
* * * LOW HITPOINT WARNING * * *
You feel sick. The adder misses you.
You see here a bat skeleton.
* * * LOW HITPOINT WARNING * * *
You feel sick. The adder bites you.
You die...

..#.###.#....... ...
.#.....#......!. ...
...#.......%..# #..
.....#.##.....# #.#
..............# ###.#
..............# #...## ##
#.....#....(..###....###...
...........÷S.g.(.._......
...........@##.###....###
........#..###.# ##g..#
#### ...........# #g# #.###
#... .$.......#.###K####.#
#...
.........).†.....K.#####...
..............#.##.........
.......#..#..#.###........
...............##........
.........................


You could see an adder and a goblin.

Vanquished Creatures
  An ooze (D:1)
  3 dart slugs
  A leopard gecko (D:2)
  3 bats
  3 giant cockroaches
  4 goblins (D:1)
  2 hobgoblins (D:2)
  3 jackals
  A ball python (D:1)
  2 frilled lizards (D:1)
  4 kobolds
  3 rats (D:1)
30 creatures vanquished.

Notes
Turn   | Place    | Note
-------+----------+-------------------------------------------
     0 | D:1      | Pingvinix the Hill Orc Necromancer began the quest for the
                  | Orb.
     0 | D:1      | Reached XP level 1. HP: 14/14 MP: 3/3
     2 | D:1      | Learned a level 1 spell: Animate Skeleton
   340 | D:1      | Reached XP level 2. HP: 20/20 MP: 2/4
  1274 | D:1      | Reached XP level 3. HP: 26/26 MP: 3/5
  1465 | D:2      | Found a burning altar of Makhleb.
  1472 | D:1      | Reached skill level 5 in Necromancy
  1882 | D:2      | Reached skill level 1 in Axes
  2030 | D:2      | HP: 1/26 [poisoned by an adder]
  2030 | D:2      | Slain by an adder

Levels and vault maps discovered:
D:1:      wheals_arrival_shading, layout_basic
D:2:      layout_rooms, nicolae_overflow_crystal_walls, first_ration,
          serial_bayou_lake_a, uniq_crazy_yiuf_cottage, uniq_terence

Skill      XL: |  1  2  3 |
---------------+----------+-----
Necromancy     | 5 |  5.1
Axes           | 1 |  1.3
Dodging        | |  1.5
Stealth        | |  1.5
Spellcasting   | |  1.5

Action                   || total
-------------------------++-------
Melee: Unarmed           ||    15
       Hand axe          ||    20
 Cast: Pain              ||    53
       Animate Skeleton  ||     8
  Use: Scroll            ||     1
 Stab: Sleeping          ||     1
  Eat: Chunk             ||     5
Armor: Robe              ||    15
Dodge: Dodged            ||    65
